| TOP OF THE 1ST |
|
Minnesota (WIN) Twins batting - Pitching for Miami (WIN) Marlins : RHP Chris Nickerson
|
|
Pitching: RHP Chris Nickerson
|
|
|
Batting: LHB Peer Derks
|
0-0: Ball 1-0: Called Strike 1-1: Ball 2-1: Swinging Strike 2-2: Foul Ball, location: 2F 2-2: Strikes out looking
|
|
Batting: RHB J.J. Powers
|
0-0: Called Strike 0-1: Swinging Strike 0-2: Foul Ball, location: 2F 0-2: Fly out, F9 (Line Drive, 9D, EV 88.8 MPH)
|
|
Batting: RHB Hildo Pot
|
0-0: Ball 1-0: Ball 2-0: SINGLE (Groundball, 25, EV 72.5 MPH) (infield hit)
|
|
Batting: RHB Matthew Starr
|
0-0: Called Strike 0-1: SINGLE (Line Drive, 9S, EV 99.4 MPH) Hildo Pot to second Runner from 2nd tries for 3rd, SAFE, throw by RF made to third
|
|
Batting: RHB Jesse Scott
|
0-0: Foul Ball, location: 2F 0-1: Ball 1-1: Ball 2-1: Foul Ball, location: 2F 2-2: Foul Ball, location: 2F 2-2: Fielders Choice at 2nd, 6-4 (Groundball, 6, EV 91.2 MPH)
|
| Top of the 1st over - 0 runs, 2 hits, 0 errors, 2 left on base; Minnesota (WIN) 0 - Miami (WIN) 0 |
| BOTTOM OF THE 1ST |
|
Miami (WIN) Marlins batting - Pitching for Minnesota (WIN) Twins : LHP Kazuo Nishihara
|
|
Pitching: LHP Kazuo Nishihara
|
|
|
Batting: RHB Gavin Helton
|
0-0: Ball 1-0: Ball 2-0: Foul Ball, location: 2F 2-1: Ball 3-1: Foul Ball, location: 2F 3-2: Ground out 4-3 (Groundball, 4, EV 86.9 MPH)
|
|
Batting: RHB Boof Howell
|
0-0: Called Strike 0-1: Ball 1-1: Called Strike 1-2: Ball 2-2: Ball 3-2: Strikes out swinging
|
|
Batting: RHB Mike Gar
|
0-0: SOLO HOME RUN (Flyball, 7D, EV 96.2 MPH), Distance : 379 ft
|
|
Batting: RHB Akira Suzuki
|
0-0: Called Strike 0-1: Ball 1-1: Ground out 4-3 (Groundball, 4, EV 87.5 MPH)
|
| Bottom of the 1st over - 1 run, 1 hit, 0 errors, 0 left on base; Minnesota (WIN) 0 - Miami (WIN) 1 |
| TOP OF THE 2ND |
|
Minnesota (WIN) Twins batting - Pitching for Miami (WIN) Marlins : RHP Chris Nickerson
|
|
Batting: RHB Manuel Juarez
|
0-0: Ball 1-0: Called Strike 1-1: Hit by Pitch
|
|
Batting: RHB Jimmy Buzard
|
0-0: Called Strike 0-1: Ball 1-1: Ball 2-1: Fielders Choice at 2nd, 3-6 (Groundball, 3, EV 83.8 MPH)
|
|
Batting: LHB Matt Robertson
|
0-0: Ball 1-0: Ball 2-0: Ball 3-0: Called Strike 3-1: Foul Ball, location: 2F 3-2: Base on Balls Jimmy Buzard to second
|
|
Batting: RHB Yonetoshi Muranaka
|
0-0: Fly out, F7 (Flyball, 7, EV 87.5 MPH) Lined into DP, 7-4 (Flyball, 7, EV 87.5 MPH)
|
| Top of the 2nd over - 0 runs, 0 hits, 0 errors, 1 left on base; Minnesota (WIN) 0 - Miami (WIN) 1 |
| BOTTOM OF THE 2ND |
|
Miami (WIN) Marlins batting - Pitching for Minnesota (WIN) Twins : LHP Kazuo Nishihara
|
|
Batting: RHB Ryuki Ogasawara
|
0-0: Swinging Strike 0-1: SOLO HOME RUN (Flyball, 9D, EV 98.8 MPH), Distance : 366 ft
|
|
Batting: RHB Rick Fell
|
0-0: Ball 1-0: Ball 2-0: Foul Ball, location: 2F 2-1: SINGLE (Line Drive, 3D, EV 97.5 MPH)
|
|
Batting: RHB Jerry Delgado
|
0-0: Ball 1-0: Called Strike 1-1: Foul Ball, location: 2F 1-2: Ball 2-2: TRIPLE (Line Drive, 89XD, EV 100.6 MPH) Rick Fell scores
|
|
Batting: LHB Chris Jonas
|
0-0: Called Strike 0-1: Swinging Strike 0-2: Ball 1-2: Ball 2-2: Strikes out looking
|
|
Batting: RHB John Jackson
|
0-0: Ball 1-0: Ball 2-0: Called Strike 2-1: Foul Ball, location: 2F 2-2: Ball 3-2: Strikes out looking
|
|
Batting: RHB Gavin Helton
|
0-0: Called Strike 0-1: Ball 1-1: Foul Ball, location: 2F 1-2: Ball 2-2: Ball 3-2: Ground out 6-3 (Groundball, 6, EV 99.4 MPH)
|
| Bottom of the 2nd over - 2 runs, 3 hits, 0 errors, 1 left on base; Minnesota (WIN) 0 - Miami (WIN) 3 |
| TOP OF THE 3RD |
|
Minnesota (WIN) Twins batting - Pitching for Miami (WIN) Marlins : RHP Chris Nickerson
|
|
Batting: LHB Peer Derks
|
0-0: Ball 1-0: Ball 2-0: Foul Ball, location: 2F 2-1: Ground out 4-3 (Groundball, 4, EV 101.9 MPH)
|
|
Batting: RHB J.J. Powers
|
0-0: Called Strike 0-1: Foul Ball, location: 2F 0-2: Ball 1-2: Ball 2-2: Fly out, F3 (Popup, 3SF, EV 73.1 MPH)
|
|
Batting: RHB Hildo Pot
|
0-0: Called Strike 0-1: Ball 1-1: Foul Ball, location: 2F 1-2: Foul Ball, location: 2F 1-2: Hit by Pitch
|
|
Batting: RHB Matthew Starr
|
0-0: Ball 1-0: Foul Ball, location: 2F 1-1: Ball 2-1: Called Strike 2-2: Fielders Choice at 2nd, 6-4 (Groundball, 6, EV 87.5 MPH)
|
| Top of the 3rd over - 0 runs, 0 hits, 0 errors, 1 left on base; Minnesota (WIN) 0 - Miami (WIN) 3 |
| BOTTOM OF THE 3RD |
|
Miami (WIN) Marlins batting - Pitching for Minnesota (WIN) Twins : LHP Kazuo Nishihara
|
|
Batting: RHB Boof Howell
|
0-0: Foul Ball, location: 2F 0-1: Foul Ball, location: 2F 0-2: Strikes out swinging
|
|
Batting: RHB Mike Gar
|
0-0: SINGLE (Line Drive, 89S, EV 93.1 MPH)
|
|
Batting: RHB Akira Suzuki
|
0-0: Ball 1-0: Fly out, F9 (Flyball, 9, EV 88.1 MPH)
|
|
Batting: RHB Ryuki Ogasawara
|
0-0: Fly out, F9 (Flyball, 9D, EV 96.2 MPH)
|
| Bottom of the 3rd over - 0 runs, 1 hit, 0 errors, 1 left on base; Minnesota (WIN) 0 - Miami (WIN) 3 |
| TOP OF THE 4TH |
|
Minnesota (WIN) Twins batting - Pitching for Miami (WIN) Marlins : RHP Chris Nickerson
|
|
Batting: RHB Jesse Scott
|
0-0: Foul Ball, location: 2F 0-1: Ground out 5-3 (Groundball, 56, EV 87.5 MPH)
|
|
Batting: RHB Manuel Juarez
|
0-0: Ball 1-0: Fly out, F6 (Flyball, 6MD, EV 81.9 MPH)
|
|
Batting: RHB Jimmy Buzard
|
0-0: Foul Ball, location: 2F 0-1: Ball 1-1: Foul Ball, location: 2F 1-2: Ball 2-2: SOLO HOME RUN (Flyball, 9D, EV 98.8 MPH), Distance : 374 ft
|
|
Batting: LHB Matt Robertson
|
0-0: Ball 1-0: Ball 2-0: Ball 3-0: Called Strike 3-1: Base on Balls
|
|
Batting: RHB Yonetoshi Muranaka
|
0-0: Ball 1-0: SINGLE (Line Drive, 89S, EV 90.0 MPH) Matt Robertson to second Runner from 2nd tries for 3rd, OUT! 9-5
|
| Top of the 4th over - 1 run, 2 hits, 0 errors, 1 left on base; Minnesota (WIN) 1 - Miami (WIN) 3 |
| BOTTOM OF THE 4TH |
|
Miami (WIN) Marlins batting - Pitching for Minnesota (WIN) Twins : LHP Kazuo Nishihara
|
|
Batting: RHB Rick Fell
|
0-0: Called Strike 0-1: Ball 1-1: Ball 2-1: Ball 3-1: Base on Balls
|
|
Batting: RHB Jerry Delgado
|
0-0: Ball 1-0: Called Strike 1-1: Foul Ball, location: 2F 1-2: Ball 2-2: Foul Ball, location: 2F 2-2: Foul Ball, location: 2F 2-2: SINGLE (Flyball, 3D, EV 95.0 MPH) Rick Fell to second
|
|
Batting: LHB Chris Jonas
|
0-0: Ball 1-0: Foul Ball, location: 2F 1-1: Ball 2-1: Fly out, F7 (Flyball, 7LD, EV 81.9 MPH) Runner from 2nd tags up, SAFE at 3rd with throw by LF
|
|
Batting: RHB John Jackson
|
0-0: Ball 1-0: Fly out, F6 (Popup, 6D, EV 50.6 MPH)
|
|
Batting: RHB Gavin Helton
|
0-0: DOUBLE (Line Drive, 7LD, EV 102.5 MPH) Rick Fell scores Jerry Delgado to third Runner from 3rd tries for Home, SAFE, throw by LF to home
|
|
Pitching: LHP Antoine Champagne
|
|
|
Batting: RHB Boof Howell
|
0-0: Ball 1-0: Swinging Strike 1-1: Fly out, F7 (Flyball, 7LM, EV 91.9 MPH)
|
| Bottom of the 4th over - 2 runs, 2 hits, 0 errors, 1 left on base; Minnesota (WIN) 1 - Miami (WIN) 5 |
| TOP OF THE 5TH |
|
Minnesota (WIN) Twins batting - Pitching for Miami (WIN) Marlins : RHP Chris Nickerson
|
|
Batting: LHB Peer Derks
|
0-0: SINGLE (Groundball, 6S, EV 71.2 MPH) (infield hit)
|
|
Batting: RHB J.J. Powers
|
0-0: Ball 1-0: Ball 2-0: Ball 3-0: Called Strike 3-1: Called Strike 3-2: Base on Balls Peer Derks to second
|
|
Batting: RHB Hildo Pot
|
0-0: Ball 1-0: Foul Ball, location: 2F 1-1: Foul Ball, location: 2F 1-2: Fielders Choice at 2nd, 6-4 (Groundball, 6, EV 87.5 MPH) Peer Derks to third
|
|
Batting: RHB Matthew Starr
|
0-0: Ball 1-0: Foul Ball, location: 2F 1-1: Called Strike 1-2: Foul Ball, location: 2F 1-2: Strikes out swinging
|
|
Batting: RHB Jesse Scott
|
0-0: Called Strike 0-1: Ball 1-1: SINGLE (Flyball, 3D, EV 98.1 MPH) Peer Derks scores Hildo Pot to second Runner from 2nd tries for 3rd, SAFE, throw by RF made to third
|
|
Batting: RHB Manuel Juarez
|
0-0: Ball 1-0: Called Strike 1-1: Called Strike 1-2: Ball 2-2: Fly out, F9 (Line Drive, 9, EV 108.1 MPH)
|
| Top of the 5th over - 1 run, 2 hits, 0 errors, 2 left on base; Minnesota (WIN) 2 - Miami (WIN) 5 |
| BOTTOM OF THE 5TH |
|
Miami (WIN) Marlins batting - Pitching for Minnesota (WIN) Twins : LHP Antoine Champagne
|
|
Batting: RHB Mike Gar
|
0-0: Ball 1-0: Foul Ball, location: 2F 1-1: Swinging Strike 1-2: Foul Ball, location: 2F 1-2: Foul Ball, location: 2F 1-2: Strikes out looking
|
|
Batting: RHB Akira Suzuki
|
0-0: Ground out 6-3 (Groundball, 6MD, EV 107.5 MPH)
|
|
Batting: RHB Ryuki Ogasawara
|
0-0: Ball 1-0: Called Strike 1-1: SINGLE (Groundball, 6MD, EV 96.2 MPH)
|
|
Batting: RHB Rick Fell
|
0-0: Ball 1-0: Swinging Strike 1-1: Ball 2-1: Foul Ball, location: 2F 2-2: Ball 3-2: Strikes out swinging
|
| Bottom of the 5th over - 0 runs, 1 hit, 0 errors, 1 left on base; Minnesota (WIN) 2 - Miami (WIN) 5 |
| TOP OF THE 6TH |
|
Minnesota (WIN) Twins batting - Pitching for Miami (WIN) Marlins : RHP Chris Nickerson
|
|
Pitching: LHP Jerry Woods
|
|
|
Batting: RHB Jimmy Buzard
|
0-0: Called Strike 0-1: Called Strike 0-2: Ball 1-2: Strikes out swinging
|
|
Batting: LHB Matt Robertson
|
0-0: Ball 1-0: Ball 2-0: Ball 3-0: Base on Balls
|
|
Batting: RHB Yonetoshi Muranaka
|
0-0: Ball 1-0: Called Strike 1-1: Ball 2-1: Swinging Strike 2-2: Fielders Choice at 2nd, 6-4 (Groundball, 6, EV 88.1 MPH)
|
|
Batting: LHB Peer Derks
|
0-0: Ball 1-0: Foul Ball, location: 2F 1-1: Fly out, F7 (Flyball, 7D, EV 103.1 MPH)
|
| Top of the 6th over - 0 runs, 0 hits, 0 errors, 1 left on base; Minnesota (WIN) 2 - Miami (WIN) 5 |
| BOTTOM OF THE 6TH |
|
Miami (WIN) Marlins batting - Pitching for Minnesota (WIN) Twins : LHP Antoine Champagne
|
|
Batting: RHB Jerry Delgado
|
0-0: Ball 1-0: Ball 2-0: Called Strike 2-1: Fly out, F8 (Flyball, 8RD, EV 83.8 MPH)
|
|
Batting: LHB Chris Jonas
|
0-0: Called Strike 0-1: Swinging Strike 0-2: Ball 1-2: Strikes out looking
|
|
Batting: RHB John Jackson
|
0-0: Ball 1-0: Called Strike 1-1: Ball 2-1: Called Strike 2-2: Foul Ball, location: 2F 2-2: Strikes out looking
|
| Bottom of the 6th over - 0 runs, 0 hits, 0 errors, 0 left on base; Minnesota (WIN) 2 - Miami (WIN) 5 |
| TOP OF THE 7TH |
|
Minnesota (WIN) Twins batting - Pitching for Miami (WIN) Marlins : LHP Jerry Woods
|
|
Batting: RHB J.J. Powers
|
0-0: Ball 1-0: Ball 2-0: Foul Ball, location: 2F 2-1: Foul Ball, location: 2F 2-2: Strikes out swinging, 2-3 out at first.
|
|
Batting: RHB Hildo Pot
|
0-0: Foul Ball, location: 2F 0-1: Foul Ball, location: 2F 0-2: Strikes out looking
|
|
Batting: RHB Matthew Starr
|
0-0: Ball 1-0: Ball 2-0: Ball 3-0: Foul Ball, location: 2F 3-1: Base on Balls
|
|
Batting: RHB Jesse Scott
|
0-0: Called Strike 0-1: Ball 1-1: Foul Ball, location: 2F 1-2: Strikes out looking
|
| Top of the 7th over - 0 runs, 0 hits, 0 errors, 1 left on base; Minnesota (WIN) 2 - Miami (WIN) 5 |
| BOTTOM OF THE 7TH |
|
Miami (WIN) Marlins batting - Pitching for Minnesota (WIN) Twins : LHP Antoine Champagne
|
|
Pitching: RHP Matt Springer
|
|
|
Batting: RHB Gavin Helton
|
0-0: Hit by Pitch
|
|
Batting: RHB Boof Howell
|
0-0: Bunted foul 0-1: Sac Bunt to 23 - play at first, batter OUT! 3-4 Gavin Helton to second
|
|
Batting: RHB Mike Gar
|
0-0: Called Strike 0-1: Foul Ball, location: 2F 0-2: Hit by Pitch
|
|
Batting: RHB Akira Suzuki
|
0-0: Ball 1-0: Ball 2-0: Swinging Strike 2-1: Ball 3-1: Base on Balls Gavin Helton to third Mike Gar to second
|
|
Batting: RHB Ryuki Ogasawara
|
0-0: Ball 1-0: Foul Ball, location: 2F 1-1: Swinging Strike 1-2: Strikes out looking
|
|
Batting: RHB Rick Fell
|
0-0: Ball 1-0: Called Strike 1-1: Ball 2-1: Fly out, F7 (Flyball, 78S, EV 80.6 MPH)
|
| Bottom of the 7th over - 0 runs, 0 hits, 0 errors, 3 left on base; Minnesota (WIN) 2 - Miami (WIN) 5 |
| TOP OF THE 8TH |
|
Minnesota (WIN) Twins batting - Pitching for Miami (WIN) Marlins : LHP Jerry Woods
|
|
Pitching: RHP Matt Murray
|
|
|
Batting: RHB Manuel Juarez
|
0-0: Ball 1-0: Ball 2-0: Ground out 6-3 (Groundball, 6M, EV 88.8 MPH)
|
|
Batting: RHB Jimmy Buzard
|
0-0: Fly out, F7 (Flyball, 78S, EV 85.0 MPH)
|
|
Batting: LHB Matt Robertson
|
0-0: Ball 1-0: SOLO HOME RUN (Flyball, 9D, EV 96.2 MPH), Distance : 359 ft
|
|
Batting: RHB Yonetoshi Muranaka
|
0-0: Ball 1-0: Ball 2-0: Ball 3-0: Called Strike 3-1: Foul Ball, location: 2F 3-2: Fly out, F7 (Line Drive, 7, EV 97.5 MPH)
|
| Top of the 8th over - 1 run, 1 hit, 0 errors, 0 left on base; Minnesota (WIN) 3 - Miami (WIN) 5 |
| BOTTOM OF THE 8TH |
|
Miami (WIN) Marlins batting - Pitching for Minnesota (WIN) Twins : RHP Matt Springer
|
|
Batting: RHB Jerry Delgado
|
0-0: Ball 1-0: Ball 2-0: Ball 3-0: Called Strike 3-1: SINGLE (Groundball, 34D, EV 100.6 MPH) (infield hit)
|
|
Pinch Runner at 1st Alex Ramirez:
|
|
|
Batting: LHB Chris Jonas
|
0-0: Ball 1-0: Foul Ball, location: 2F 1-1: Sac Bunt to 15S - play at first, batter OUT! 1-3 Alex Ramirez to second
|
|
Batting: RHB John Jackson
|
0-0: Called Strike 0-1: Ball 1-1: Called Strike 1-2: Ball 2-2: Foul Ball, location: 2F 2-2: Strikes out swinging
|
|
Batting: RHB Gavin Helton
|
0-0: SINGLE (Line Drive, 56, EV 103.1 MPH) Alex Ramirez to third
|
|
Batting: RHB Boof Howell
|
0-0: Ball 1-0: Ball 2-0: Ground out 1-3 (Groundball, 25, EV 61.9 MPH)
|
| Bottom of the 8th over - 0 runs, 2 hits, 0 errors, 2 left on base; Minnesota (WIN) 3 - Miami (WIN) 5 |
| TOP OF THE 9TH |
|
Minnesota (WIN) Twins batting - Pitching for Miami (WIN) Marlins : RHP Matt Murray
|
|
Pitching: LHP Geoff Goss
|
|
|
Now at SS: Ryuki Ogasawara
|
|
|
Now in LF: Adrian Young
|
|
|
Now in RF: Gustavo Patella
|
|
|
Batting: LHB Peer Derks
|
0-0: Called Strike 0-1: Swinging Strike 0-2: Ball 1-2: Strikes out swinging
|
|
Batting: RHB J.J. Powers
|
0-0: Ball 1-0: Called Strike 1-1: Foul Ball, location: 2F 1-2: Ball 2-2: Strikes out swinging
|
|
Batting: RHB Hildo Pot
|
0-0: Called Strike 0-1: Foul Ball, location: 2F 0-2: Ground out 6-3 (Groundball, 56, EV 96.2 MPH)
|
| Top of the 9th over - 0 runs, 0 hits, 0 errors, 0 left on base; Minnesota (WIN) 3 - Miami (WIN) 5 |
|